 Dungeon Crawl Stone Soup version 0.23.2-40-g277498a (webtiles) character file.

Game seed: 15179902968963768663

133 Fang the Skirmisher (level 5, -19/49 HPs)
             Began as a Gargoyle Berserker on Oct 15, 2019.
             Was a Believer of Trog.
             Demolished by an ogre
             ... wielding a +0 giant spiked club
              (22 damage)
             ... on level 4 of the Dungeon.
             The game lasted 00:05:39 (2626 turns).

Fang the Skirmisher (Gargoyle Berserker)            Turns: 2626, Time: 00:05:40

Health: -19/49     AC:  6    Str: 27    XL:     5   Next: 16%
Magic:  5/5        EV: 12    Int:  7    God:    Trog [**....]
Gold:   360        SH:  0    Dex:  9    Spells: 4/4 levels left

rFire    . . .     SeeInvis .   a - +0 war axe
rCold    . . .     Gourm    .   (no shield)
rNeg     + . .     Faith    .   b - +0 animal skin
rPois    ∞         Spirit   .   (no helmet)
rElec    +         Reflect  .   (no cloak)
rCorr    .         Harm     .   (no gloves)
MR       .....                  (no boots)
Stlth    ..........             (no amulet)
HPRegen  0.16/turn              (no ring)
MPRegen  0.09/turn              (no ring)

@: berserking, very quick
A: negative energy resistance 1, electricity resistance, unbreathing,
petrification resistance, rot immunity, AC +4
a: Berserk, Trog's Hand, Renounce Religion


You were on level 4 of the Dungeon.
You worshipped Trog.
Trog was pleased with you.
You were hungry.

You visited 1 branch of the dungeon, and saw 4 of its levels.

You collected 360 gold pieces.

Inventory:

Hand Weapons
 a - a +0 war axe (weapon)
Armour
 b - a +0 animal skin (worn)
Wands
 o - a wand of acid (12)
Scrolls
 d - 3 scrolls of identify {unknown}
 e - a scroll of amnesia {unknown}
 f - 3 scrolls of immolation {unknown}
 g - a scroll of teleportation {unknown}
 n - 2 scrolls of fear {unknown}
 q - a scroll of remove curse {unknown}
Potions
 h - 2 potions of mutation {unknown}
 i - a potion of agility {unknown}
 j - a potion of brilliance {unknown}
 k - a potion of heal wounds {unknown}
 l - 4 potions of curing {unknown}
 m - a potion of might {unknown}
Comestibles
 c - 4 rations


   Skills:
 + Level 4.2 Fighting
 + Level 3.4 Axes
 + Level 3.3 Armour
 + Level 2.4 Dodging


You had 4 spell levels left.
You didn't know any spells.
Your spell library was empty.

Dungeon Overview and Level Annotations

Branches:
Dungeon (4/15)
 Temple: D:4-7

Altars:
Uskayaw
Yredelemnul


Innate Abilities, Weirdness & Mutations

You are resistant to torment.
Your stone body is resilient. (AC +4)
You are immune to poison.
You resist negative energy. (rN+)
You are resistant to electric shocks. (rElec)
You can survive without breathing.
You are immune to petrification.
You are immune to rotting.


Message History

You are too injured to fight recklessly!
You are too injured to fight recklessly!
You are too injured to fight recklessly!
You are too injured to fight recklessly!
You are too injured to fight recklessly!
You are too injured to fight recklessly!
You are too injured to fight recklessly!
You are too injured to fight recklessly!
You are too injured to fight recklessly!
You are too injured to fight recklessly!
A red film seems to cover your vision as you go berserk!
You feel yourself moving faster!
You feel mighty!
You are feeling hungry.
You barely miss the ogre.
The ogre hits you with a +0 giant spiked club!!
* * * LOW HITPOINT WARNING * * *
You hit the ogre.
The ogre is lightly wounded.
The ogre hits you with a +0 giant spiked club!!
You die...

# #### .. #...
...#... ### .....
..# . ... #.##
....##.###..###..#
.......<..@O....#
....#.########.##
. .. ... ... .. .


You could see an ogre.

Vanquished Creatures
  Terence (D:2)
  5 adders
  An ooze (D:1)
  A worm (D:2)
  A leopard gecko (D:3)
  4 orcs (D:3)
  5 giant cockroaches
  6 goblins
  7 hobgoblins
  A quokka (D:2)
  3 bats
  6 frilled lizards
  7 kobolds
  4 rats
52 creatures vanquished.

Vanquished Creatures (others)
  2 toadstools (D:2)
2 creatures vanquished.

Grand Total: 54 creatures vanquished

Notes
Turn   | Place    | Note
-------+----------+-------------------------------------------
     0 | D:1      | Fang the Gargoyle Berserker began the quest for the Orb.
     0 | D:1      | Reached XP level 1. HP: 14/14 MP: 1/1
    27 | D:1      | Reached XP level 2. HP: 10/19 MP: 2/2
   668 | D:1      | Reached XP level 3. HP: 20/23 MP: 3/3
  1178 | D:2      | Reached XP level 4. HP: 29/29 MP: 4/4
  1586 | D:2      | Noticed Terence
  1599 | D:2      | Killed Terence
  1599 | D:2      | Reached skill level 4 in Fighting
  1624 | D:2      | Reached ** piety under Trog
  2027 | D:3      | Reached XP level 5. HP: 19/33 MP: 5/5
  2229 | D:3      | Found a hide-covered altar of Uskayaw.
  2446 | D:3      | Found a basalt altar of Yredelemnul.
  2620 | D:4      | Noticed an ogre
  2626 | D:4      | Demolished by an ogre

Skill      XL: |  1  2  3  4 |
---------------+-------------+-----
Axes           | 3 |  3.4
Dodging        | 2 |  2.4
Armour         | 3 |  3.3
Fighting       | 4 |  4.2

Action                   |  1- 3 |  4- 6 || total
-------------------------+-------+-------++-------
Melee: Hand axe          |    73 |    99 ||   172
       War axe           |       |    31 ||    31
Invok: Berserk           |     1 |     1 ||     2
  Eat: Chunk             |     2 |     5 ||     7
Armor: Animal skin       |    23 |    50 ||    73
Dodge: Dodged            |    45 |    90 ||   135
